 Dungeon Crawl Stone Soup version 0.31-a0-424-g41b3b0883d (webtiles) character file.

Game seed: 379790289114934418

5070 Ajdolov the Mimic (level 10, -2/44 HPs)
             Began as a Vine Stalker Shapeshifter on July 30, 2023.
             Was a Believer of Ru.
             Slain by Erica
             ... wielding a +0 scimitar of flaming
              (8 damage)
             ... on level 8 of the Dungeon.
             The game lasted 00:13:00 (7448 turns).

Ajdolov the Mimic (Vine Stalker Shapeshifter)       Turns: 7448, Time: 00:13:00

Health: -2/44      AC: 12    Str: 22    XL:     10   Next: 56%
Magic:  0/11       EV: 11    Int:  8    God:    Ru [**....]
Gold:   565        SH:  0    Dex: 15    Spells: 9/9 levels left

rFire   + .          .
                       - Unarmed
rCold   . . .        (no shield)
rNeg    + . .        D - +2 plate armour {rF+}
rPois   .            (helmet currently unavailable)
rElec   .            (cloak currently unavailable)
rCorr   .            (gloves currently unavailable)
SInv    .            (boots currently unavailable)
Will    +....        (no amulet) Stlth
                     n - +5 ring of evasion
HPRegen 1.07/turn    E - ring of positive energy
MPRegen 0.12/turn

%: guardian spirit
@: lethally poisoned (-2 -> -5), beast-form
A: beast (slay +7), fangs 3, regeneration 1, magic shield, antimagic bite, no
potion heal 2, inability to use devices
a: Begin Untransformation, Renounce Religion


You were on level 8 of the Dungeon.
You worshipped Ru.
Ru was pleased with you.
You were a hulking beast.
You visited 2 branches of the dungeon, and saw 9 of its levels.

You collected 565 gold pieces.

Inventory:

Missiles
 g - 29 poisoned darts
Armour
 D - a +2 plate armour of fire resistance (worn)
Jewellery
 n - a +5 ring of evasion (left hand)
 E - a ring of positive energy (right hand)
Talismans
 c - a beast talisman (active)
 i - a maw talisman
Wands
 A - a wand of polymorph (13)
Scrolls
 a - 6 scrolls of teleportation {unknown}
 e - 7 scrolls of identify {unknown}
 h - 3 scrolls of silence {unknown}
 k - 2 scrolls of immolation {unknown}
 l - 2 scrolls of vulnerability {unknown}
 o - a scroll of fear {unknown}
 r - 5 scrolls of revelation {unknown}
 s - a scroll of poison {unknown}
 t - a scroll of acquirement {unknown}
 u - 2 scrolls of fog {unknown}
 w - 2 scrolls of amnesia {unknown}
 y - 3 scrolls of enchant weapon {unknown}
 z - a scroll of blinking {unknown}
Potions
 b - a potion of lignification
 d - 4 potions of curing {unknown}
 f - 3 potions of ambrosia {unknown}
 j - a potion of magic {unknown}
 m - 2 potions of heal wounds {unknown}
 x - a potion of degeneration {unknown}
 B - 2 potions of cancellation {unknown}
 C - a potion of berserk rage {unknown}


   Skills:
 - Level 0.8 Fighting
 - Level 1.5 Dodging
 - Level 8.6 Unarmed Combat
 * Level 11.4 Shapeshifting


You had 9 spell levels left.
You didn't know any spells.
Your spell library contained the following spells:

 Spells                   Type           Power      Damage    Failure   Level
 Kiss of Death            Conj/Necr      0%         2d5       100%        1
 Slow                     Hex            0%         N/A       100%        1
 Confusing Touch          Hex            0%         N/A       100%        3
 Tukima's Dance           Hex            0%         N/A       100%        3
 Vampiric Draining        Necr           0%         2d6       100%        3
 Dispel Undead            Necr           0%         3d6       100%        4
 Passage of Golubria      Tloc           0%         N/A       100%        4
 Yara's Violent Unravell  Hex/Tmut       0%         3d3       100%        5


Dungeon Overview and Level Annotations

Branches:
Dungeon (8/15)             Temple (1/1) D:7            Lair (0/5) D:8

Altars:
Ashenzari
Cheibriados
Dithmenos
Elyvilon
Fedhas
Gozag
Hepliaklqana
Kikubaaqudgha
Makhleb
Nemelex Xobeh
Okawaru
Qazlal
Ru
Uskayaw
Vehumet
Wu Jian
Xom
Yredelemnul
Zin
The Shining One

Annotations:
D:8 Erica


Innate Abilities, Weirdness & Mutations

You are a hulking beast.
Your limbs bulge with bestial killing power. (Slay +7)
You have razor-sharp teeth.
Your natural rate of healing is unusually fast.
When hurt, damage is shared between your health and your magic reserves.
Your bite disrupts and absorbs the magic of your enemies.
Potions cannot restore your health.
You cannot study or use magical devices.


Message History

A gnoll is nearby!
A gnoll is nearby!
The gnoll shouts!
The gnoll hits you but does no damage.
You completely miss the gnoll. The gnoll barely misses you.
You punch the gnoll! You bite the gnoll.
You kill the gnoll!
No target in view!
There is a stone staircase leading up here.
There is a stone staircase leading up here.
There is a stone staircase leading up here.
There is a stone staircase leading up here.
As you open the door, it creaks loudly!
Found 21 gold pieces and a scroll labelled PICSAHOTTY.
There is an open door here.
You now have 565 gold pieces (gained 21).
e - 7 scrolls labelled PICSAHOTTY (gained 1) Erica the Fiery-Tempered comes into view.
She is wielding a +0 scimitar of flaming.
Erica gestures wildly while chanting.
Erica flickers and vanishes!
Deactivating autopickup; reactivate with Ctrl-A.
You start waiting.
There is a strange disturbance nearby!
You hear some strange, mumbled words.
A bolt of poison appears from out of thin air!
The bolt of poison hits you!!
You are poisoned.
Ouch! That really hurt!
You feel very sick. Something hits you!
* * * LOW HITPOINT WARNING * * *
Something burns you.
* * * LOW HITPOINT WARNING * * *
Unknown command.
You hit something. Your punch misses something.
You feel very sick.
Unknown command.
You hit something. Your bite misses something.
You feel sick. Something hits you!
You die...

########...........####..###.#
...........####.##.####..# #.#
##########.# #.##....#..# #.#
#.# #.##.##.#..# #.####
#.####.##.##.#..###.##..
#...............)....)..
######.##.##.#.)######.#
#.##.##.#..# #.#
#.h....[...######.#
.........{...............
######.....##...........#
#####.##.##.######## #########


There were no monsters in sight!

Vanquished Creatures
  A two-headed ogre (D:8)
  Psyche (D:8)
  2 trolls (D:7)
  A wyvern (D:7)
  2 steam dragons
  4 yaks (D:8)
  An acid dragon (D:7)
  2 water moccasins
  2 sky beasts
  2 orc warriors (D:8)
  A black bear (D:6)
  An ice beast (D:7)
  A centaur (D:3)
  An ogre (D:5)
  2 kobold brigands
  4 bullfrogs
  A gnoll sergeant (D:8)
  2 scorpions (D:8)
  3 wights (D:8)
  4 killer bees (D:8)
  2 electric eels (D:7)
  A hound (D:5)
  3 orc priests
  A jelly (D:5)
  4 iguanas
  2 gnoll boudas
  5 orc wizards
  17 gnolls
  5 adders
  A shadow imp (D:6)
  3 white imps
  2 ufetubi
  A worm (D:5)
  2 dart slugs
  21 orcs
  7 bats
  4 endoplasms
  7 giant cockroaches
  4 goblins
  A hobgoblin (D:3)
  4 jackals (D:4)
  3 quokkas
  6 ball pythons
  3 frilled lizards
  24 kobolds
  8 rats
179 creatures vanquished.

Vanquished Creatures (others)
  A white imp (D:7)
1 creature vanquished.

Grand Total: 180 creatures vanquished

Notes
Turn   | Place    | Note
-------+----------+-------------------------------------------
     0 | D:1      | Ajdolov the Vine Stalker Shapeshifter began the quest for
                  | the Orb.
     0 | D:1      | Reached XP level 1. HP: 9/9 MP: 2/2
   159 | D:1      | Reached XP level 2. HP: 14/14 MP: 3/3
   790 | D:2      | Reached XP level 3. HP: 4/17 MP: 0/4
  1124 | D:2      | Gained mutation: Your natural rate of healing is unusually
                  | fast. [Vine Stalker growth]
  1124 | D:2      | Reached XP level 4. HP: 6/21 MP: 3/5
  1148 | D:2      | Reached skill level 4 in Shapeshifting
  1528 | D:3      | Found a shadowy altar of Dithmenos.
  1846 | D:3      | Noticed a centaur
  1859 | D:3      | Killed a centaur
  1860 | D:3      | Reached XP level 5. HP: 13/25 MP: 1/6
  3214 | D:5      | Entered Level 5 of the Dungeon
  3214 | D:5      | Noticed an ogre
  3221 | D:5      | Killed an ogre
  3222 | D:5      | Reached skill level 5 in Shapeshifting
  3222 | D:5      | Reached XP level 6. HP: 27/29 MP: 7/7
  3244 | D:5      | Found a glowing silver altar of Zin.
  3292 | D:5      | Noticed a water moccasin
  3301 | D:5      | Killed a water moccasin
  3302 | D:5      | Reached skill level 5 in Unarmed Combat
  3302 | D:5      | Reached XP level 7. HP: 32/32 MP: 8/8
  3733 | D:5      | Reached skill level 6 in Shapeshifting
  4619 | D:6      | Noticed a steam dragon
  4633 | D:6      | Killed a steam dragon
  4659 | D:6      | Gained mutation: You have razor-sharp teeth. [Vine Stalker
                  | growth]
  4659 | D:6      | Reached XP level 8. HP: 35/37 MP: 9/9
  5036 | D:7      | Reached skill level 7 in Shapeshifting
  5409 | D:7      | Reached skill level 8 in Shapeshifting
  5411 | D:7      | Found a staircase to the Ecumenical Temple.
  5416 | Temple   | Entered the Ecumenical Temple
  5422 | Temple   | Became a worshipper of Ru the Awakened
  5471 | D:7      | Noticed a troll
  5477 | D:7      | Killed a troll
  5478 | D:7      | Reached XP level 9. HP: 20/40 MP: 4/10
  5607 | D:7      | Noticed a troll
  5611 | D:7      | Killed a troll
  5795 | D:7      | Reached skill level 9 in Shapeshifting
  6523 | D:8      | Found an opulent altar of Gozag.
  6559 | D:8      | Identified the +1 ring mail of the Resonant Frog {Int+4
                  | SInv}
  6580 | D:8      | Reached skill level 10 in Shapeshifting
  6580 | D:8      | Reached XP level 10. HP: 40/44 MP: 7/11
  6818 | D:7      | Gained mutation: You cannot study or use magical devices.
                  | [Ru sacrifice]
  6818 | D:7      | Reached * piety under Ru
  6818 | D:7      | Reached ** piety under Ru
  6989 | D:8      | Noticed a two-headed ogre
  7002 | D:8      | Killed a two-headed ogre
  7003 | D:8      | Reached skill level 11 in Shapeshifting
  7071 | D:8      | Found a staircase to the Lair.
  7093 | D:8      | Noticed Psyche
  7105 | D:8      | Killed Psyche
  7438 | D:8      | Noticed Erica
  7448 | D:8      | Slain by Erica

Illustrated notes

Levels and vault maps discovered:
D:1:      lightli_arrival_statuegarden, layout_rooms
D:2:      layout_basic, minmay_tall_x
D:3:      wad_lake_hut, layout_loops_cross, nicolae_sif_muna_little_library,
          amcnicky_altar_gilded, serial_park_tiny_1, kennysheep_boxes
D:4:      layout_basic, nicolae_titane
D:5:      layout_layer_cave, kennysheep_mini_moat, portal_sewer_entry_e,
          nicolae_concentric_dashed_squares_wild
D:6:      layout_rooms
D:7:      layout_loops_cross, minmay_temple_entry_glassed_door,
          minmay_misc_feat_enclosed, kennysheep_crisscross, wad_mini_maze
D:8:      layout_basic, nicolae_overflow_crystal_walls,
          grunt_lair_entry_orc_guard_hut, uniq_psyche, uniq_erica
Temple:   sentei_temple_godly_chess

Skill      XL: |  1  2  3  4  5  6  7  8  9 10 |
---------------+-------------------------------+-----
Shapeshifting  | 4 5 6 8 10 11 | 11.4
Unarmed Combat | 4 5 7 8 |  8.6
Fighting       | |  0.8
Dodging        | |  1.5

Action                     |  1- 3 |  4- 6 |  7- 9 | 10-12 || total
---------------------------+-------+-------+-------+-------++-------
  Melee: Unarmed           |    76 |    86 |   239 |    66 ||   467
         Bite              |    14 |    17 |    73 |    20 ||   124
         Punch             |       |     4 |    13 |     4 ||    21
 Invoke: Sacrifice Artific |       |       |       |     1 ||     1
  Evoke: Wand              |       |       |     4 |       ||     4
   Stab: Sleeping          |     1 |       |       |       ||     1
         Invisible         |       |       |     1 |       ||     1
 Armour: Animal skin       |     4 |       |       |       ||     4
         Leather armour    |     2 |       |       |       ||     2
         Chain mail        |    25 |    40 |       |       ||    65
         Plate armour      |       |     6 |   103 |    17 ||   126
  Dodge: Dodged            |    35 |    42 |   105 |    35 ||   217
         Form:             |       |       |     1 |       ||     1
         Beast             |       |       |     1 |       ||     1
         Maw               |       |       |     1 |       ||     1

Table legend: (Time is in decaauts)
 A = Elapsed time spent in this place.
 B = Non-inter-level travel time spent in this place.
 C = Inter-level travel time spent in this place.
 D = Time resting spent in this place.
 E = Time spent auto-exploring this place.
 F = Levels seen in this place.
 G = Mean time per level.
                   A        B        C        D        E       F      G
               +--------+--------+--------+--------+--------+-----+--------+
         Total |   7444 |   7114 |    330 |    123 |   5643 |   9 |  827.1 |
       Dungeon |   7433 |   7103 |    330 |    123 |   5643 |   8 |  929.1 |
        Temple |     10 |     10 |      0 |      0 |      0 |   1 |   10.0 |
               +--------+--------+--------+--------+--------+-----+--------+

Top non-repeatable levels by time:
     D:5: 1322 daAuts
     D:7: 1237 daAuts
     D:8: 1161 daAuts
     D:4: 904 daAuts
     D:3: 821 daAuts
     D:2: 800 daAuts
     D:1: 722 daAuts
     D:6: 463 daAuts
  Temple: 10 daAuts
